 Dungeon Crawl Stone Soup version 0.23.2-40-g277498a001 (webtiles) character file.

Game seed: 8022189531683457485

2210 BreadTh the Geomancer (level 8, -14/57 HPs)
             Began as a Demigod Earth Elementalist on Aug 29, 2019.
             Killed from afar by a centaur (27 damage)
             ... with a wand of acid (12)
             ... on level 7 of the Dungeon.
             The game lasted 00:25:40 (8471 turns).

BreadTh the Geomancer (Demigod Earth Elementalist)  Turns: 8471, Time: 00:25:41

Health: -14/57     AC: 10    Str: 11    XL:     8   Next: 89%
Magic:  12/16      EV: 12    Int: 24    God:
Gold:   329        SH:  0    Dex: 20    Spells: 1/13 levels left

rFire    . . .     SeeInvis .   I - +0 trident (venom)
rCold    + . .     Gourm    .   (no shield)
rNeg     . . .     Faith    .   R - +3 leather armour {rC+}
rPois    .         Spirit   .   K - +2 hat
rElec    .         Reflect  .   (no cloak)
rCorr    .         Harm     .   H - +0 pair of gloves
MR       .....                  M - +0 pair of boots
Stlth    ++........             (no amulet)
HPRegen  0.19/turn              (no ring)
MPRegen  0.15/turn              q - +5 ring of intelligence

@: no status effects
A: high mp 1
a: no special abilities


You were on level 7 of the Dungeon.
You were very hungry.

You visited 1 branch of the dungeon, and saw 8 of its levels.

You collected 329 gold pieces.

Inventory:

Hand Weapons
 j - a +2 whip of flaming
 o - a +2 dagger of venom
 s - a +2 dagger of speed
 v - a +0 blowgun
 z - a +1 dagger of freezing
 I - a +0 trident of venom (weapon)
Missiles
 b - 336 stones (quivered)
 w - 16 poisoned needles
Armour
 H - a +0 pair of gloves (worn)
 K - a +2 hat (worn)
 M - a +0 pair of boots (worn)
 O - a +2 ring mail of fire resistance
 R - a +3 leather armour of cold resistance (worn)
Magical Staves
 F - an uncursed staff of poison
 L - an uncursed staff of fire
Jewellery
 f - an uncursed ring of ice
 m - an uncursed ring of flight
 q - a +5 ring of intelligence (right hand)
 u - an uncursed ring of ice
 P - an uncursed amulet of the acrobat {unknown}
Wands
 c - a wand of polymorph (3)
 G - a wand of flame (23)
Scrolls
 g - 6 scrolls of remove curse {unknown}
 k - 2 scrolls of magic mapping {unknown}
 l - 4 scrolls of amnesia {unknown}
 r - a scroll of immolation {unknown}
 t - a scroll of enchant armour {unknown}
 y - 4 scrolls of identify {unknown}
 A - 2 scrolls of blinking {unknown}
 B - 2 scrolls of random uselessness {unknown}
 D - 2 scrolls of fear {unknown}
 E - 4 scrolls of teleportation {unknown}
 J - a scroll of fog {unknown}
 N - a scroll of enchant weapon {unknown}
Potions
 a - 3 potions of lignification {unknown}
 e - a potion of heal wounds {unknown}
 h - 6 potions of haste {unknown}
 i - a potion of berserk rage {unknown}
 p - 2 potions of agility {unknown}
 x - 2 potions of flight {unknown}
 C - 2 potions of curing
 Q - a potion of degeneration {unknown}
 S - 2 potions of magic {unknown}
 T - a potion of resistance
Comestibles
 d - 10 rations


   Skills:
 - Level 2.0 Dodging
 - Level 2.0 Stealth
 + Level 3.4 Spellcasting
 + Level 4.1 Conjurations
   Level 0.8 Transmutations
 - Level 10.0 Earth Magic


You had one spell level left.
You knew the following spells:

 Your Spells              Type           Power        Failure   Level  Hunger
a - Sandblast             Erth           ######       1%          1    None
b - Stone Arrow           Conj/Erth      #####.       2%          3    ###....
c - Lee's Rapid Deconstr  Erth           ######....   6%          5    ######.
d - Conjure Flame         Conj/Fire      ##......     19%         3    ###....

Your spell library contained the following spells:

 Spells                   Type           Power        Failure   Level  Hunger
 Flame Tongue             Conj/Fire      ##...        6%          1    None
 Passwall                 Tmut/Erth      ####....     2%          2    #......
 Throw Flame              Conj/Fire      ##....       9%          2    #......
 Petrify                  Tmut/Erth      ####....     14%         4    ####...
 Inner Flame              Hex/Fire       #.......     38%         3    ###....
 Sticky Flame             Conj/Fire      ##......     52%         4    ####...
 Fireball                 Conj/Fire      ##........   86%         5    ######.


Dungeon Overview and Level Annotations

Branches:
Dungeon (8/15)             Temple (0/1) D:7
   Lair: D:8-11

Annotations:
D:8 Erica


Innate Abilities, Weirdness & Mutations

You have an increased reservoir of magic. (+10% MP)


Message History

The necrophage is almost destroyed.
Attack whom?
Press: ? - help, Dir - move target cursor, f/p - necrophage
Aim: a necrophage (almost destroyed)
You reach to attack!
You hit the necrophage.
You destroy the necrophage!
Your Conjurations skill increases to level 4!
The centaur shoots an arrow.
The arrow hits you!
* * * LOW HITPOINT WARNING * * *
The arrow burns you.
* * * LOW HITPOINT WARNING * * *
Casting: Conjure Flame (safe; 19% risk of failure)
Confirm with . or Enter, or press ? or * to list all spells.
Aiming: Stone Arrow (safe; 2% risk of failure)
Press: ? - help, Shift-Dir - straight line, f - centaur
Aim: a centaur, wielding a +0 shortbow of flaming and carrying a wand of acid (12)
The stone arrow hits the centaur.
The centaur is lightly wounded.
The centaur zaps a wand.
The bolt of acid hits you!!
You die...

#.......# #.#
#.......# #.#
#.......# #.#
#.......#
#####.##
#####...#
#...#... +###
###.# #.#.####
..PP. #.#
#.#.#<..
......#######.#
#.#.#.##
.....F°@......#
#.#.....
..P..c#########
#.###### .....
#....... ....
######## ... ..
.


You could see a bullfrog and a centaur.

Vanquished Creatures
  Pikel (D:3)
  Duvessa (D:6)
  A sky beast (D:7)
  3 slaves
  2 necrophages (D:7)
  A centaur (D:5)
  2 ogres
  A bullfrog (D:6)
  Dowan (D:6)
  2 scorpions
  3 howler monkeys
  A centaur zombie (D:5)
  3 crimson imps
  2 bullfrog zombies
  An orc priest (D:6)
  5 hounds
  A jelly (D:6)
  A centaur skeleton (D:5)
  3 orc wizards
  A bullfrog skeleton (D:4)
  An iguana (D:4)
  2 hound skeletons (D:4)
  Robin (D:2)
  11 adders
  An ooze (D:4)
  An adder skeleton (D:6)
  2 worms
  4 dart slugs
  8 leopard geckos
  12 orcs
  3 ball pythons
  5 giant cockroaches
  13 goblins
  10 hobgoblins
  4 jackals
  8 quokkas
  9 bats
  4 frilled lizards
  A jackal skeleton (D:6)
  A jackal zombie (D:5)
  9 kobolds
  2 leopard gecko skeletons (D:4)
  5 rats
153 creatures vanquished.

Notes
Turn   | Place    | Note
-------+----------+-------------------------------------------
     0 | D:1      | BreadTh the Demigod Earth Elementalist began the quest for
                  | the Orb.
     0 | D:1      | Reached XP level 1. HP: 14/14 MP: 5/5
   232 | D:1      | Reached skill level 3 in Earth Magic
   232 | D:1      | Reached XP level 2. HP: 13/20 MP: 7/7
  1140 | D:2      | Noticed Robin
  1277 | D:2      | Reached XP level 3. HP: 14/26 MP: 2/8
  1813 | D:2      | Killed Robin
  1813 | D:2      | Reached skill level 4 in Earth Magic
  2127 | D:2      | Reached XP level 4. HP: 26/33 MP: 6/9
  2633 | D:3      | Found a faded altar of an unknown god.
  2647 | D:3      | Learned a level 3 spell: Stone Arrow
  3088 | D:3      | Reached skill level 5 in Earth Magic
  3088 | D:3      | Reached XP level 5. HP: 35/38 MP: 10/10
  3964 | D:4      | Reached skill level 6 in Earth Magic
  4069 | D:4      | Reached XP level 6. HP: 39/45 MP: 11/11
  4611 | D:4      | Noticed Pikel
  4827 | D:3      | Killed Pikel
  4827 | D:3      | Reached skill level 8 in Earth Magic
  4827 | D:3      | Reached XP level 7. HP: 24/50 MP: 0/13
  4941 | D:3      | Learned a level 5 spell: Lee's Rapid Deconstruction
  5378 | D:5      | Entered Level 5 of the Dungeon
  6200 | D:5      | Reached skill level 9 in Earth Magic
  6543 | D:5      | Reached XP level 8. HP: 41/57 MP: 14/14
  6766 | D:6      | Reached skill level 1 in Conjurations
  6840 | D:6      | Noticed Duvessa
  6840 | D:6      | Noticed Dowan
  6855 | D:6      | Killed Duvessa
  6855 | D:6      | Killed Dowan
  7290 | D:6      | Reached skill level 10 in Earth Magic
  7439 | D:6      | Found a sparkling altar of Nemelex Xobeh.
  7744 | D:6      | You fall through a shaft for 2 floors!
  7747 | D:8      | Noticed Erica
  7770 | D:7      | Found a staircase to the Ecumenical Temple.
  7873 | D:7      | Learned a level 3 spell: Conjure Flame
  8471 | D:7      | Killed from afar by a centaur

Skill      XL: |  1  2  3  4  5  6  7  8 |
---------------+-------------------------+-----
Stealth        | 2 |  2.0
Dodging        | 2 |  2.0
Earth Magic    | 3 4 5 6 8 9 10 | 10.0
Spellcasting   | 2 3 |  3.4
Conjurations   | 4 |  4.1
Transmutations | |  0.8

Action                   |  1- 3 |  4- 6 |  7- 9 || total
-------------------------+-------+-------+-------++-------
Melee: Unarmed           |    15 |       |       ||    15
       Club              |    16 |       |       ||    16
       Whip              |    80 |       |     8 ||    88
       Dagger            |    33 |   137 |    31 ||   201
       Trident           |       |    26 |   224 ||   250
 Cast: Sandblast         |    10 |     8 |     1 ||    19
       Stone Arrow       |       |    12 |    13 ||    25
       Lee's Rapid Decon |       |       |     7 ||     7
       Conjure Flame     |       |       |     4 ||     4
 Stab: Sleeping          |       |     4 |     1 ||     5
  Eat: Chunk             |     4 |     9 |    16 ||    29
Armor: Robe              |    47 |       |       ||    47
       Leather armour    |     2 |    45 |    61 ||   108
       Ring mail         |       |       |    32 ||    32
Dodge: Dodged            |   149 |   101 |   141 ||   391
